 Dungeon Crawl Stone Soup version 0.30-a0-142-g7370640ec8 (webtiles) character file.

Game seed: 6541214081763403602

30 qw the Shield-Bearer (level 3, -1/23 HPs)
             Began as a Gargoyle Fighter on Sept 26, 2022.
             Slain by Ijyb
             ... wielding a +0 club
              (4 damage)
             ... on level 3 of the Dungeon.
             The game lasted 00:00:31 (1303 turns).

qw the Shield-Bearer (Gargoyle Fighter)             Turns: 1303, Time: 00:00:31

Health: -1/23      AC: 11    Str: 21    XL:     3   Next: 18%
Magic:  3/3        EV:  9    Int:  8    God:
Gold:   102        SH:  5    Dex: 15    Spells: 2/2 levels left

rFire   . . .      SeeInvis .    Y - +0 war axe
rCold   . . .      Faith    .    c - +0 buckler
rNeg    + . .      Spirit   .    b - +0 scale mail
rPois   inf        Reflect  .    (no helmet)
rElec   +          Harm     .    (no cloak)
rCorr   +          Rampage  .    j - +0 pair of gloves
Will    .....                    (no boots)
Stlth   ..........               (no amulet)
HPRegen 0.07/turn                e - ring of resist corrosion
MPRegen 0.08/turn                h - +6 ring of dexterity

@: no status effects
A: sickness immunity, AC +3, negative energy resistance 1, electricity
resistance, torment resistance 1, petrification resistance
a: no special abilities


You were on level 3 of the Dungeon.
You visited 1 branch of the dungeon, and saw 3 of its levels.

You collected 102 gold pieces.


Innate Abilities, Weirdness & Mutations

You are immune to sickness and miasma.
Your stone body is resilient. (AC +3)
You are immune to poison.
You resist negative energy. (rN+)
You are resistant to electric shocks. (rElec)
You are resistant to unholy torment.
You are immune to petrification.


   Skills:
 - Level 3.2 Fighting
 - Level 3.0 Axes
 - Level 3.2 Armour
 + Level 0.7 Dodging
 - Level 3.2 Shields


You had 2 spell levels left.
You didn't know any spells.
Your spell library was empty.

Inventory:

Hand Weapons
 n - a +0 whip
 Y - a +0 war axe (weapon)
Armour
 b - a +0 scale mail (worn)
 c - a +0 buckler (worn)
 f - a +0 pair of boots
 j - a +0 pair of gloves (worn)
Jewellery
 e - a ring of resist corrosion (left hand)
 h - a +6 ring of dexterity (right hand)
 p - a +6 ring of strength
 r - a ring of magical power
Scrolls
 a - a scroll of noise {unknown}
 l - a scroll of butterflies {unknown}
 q - a scroll of identify
Potions
 d - a potion of might
 g - a potion of lignification {unknown}
 i - a potion of curing {unknown}
 k - a potion of magic {unknown}
 m - a potion of degeneration {unknown}
 o - a potion of mutation {unknown}

Dungeon Overview and Level Annotations

Branches:
Dungeon (2/15)

Altars:

Annotations:
D:3 Ijyb


Message History

The ball python constricts you.
You hit the ball python.
You kill the ball python!
You start resting.
A goblin comes into view. It is wielding a +0 club.
The goblin shouts!
You hit the goblin.
The goblin is moderately wounded.
The goblin barely misses you.
You slash the goblin!
You kill the goblin!
You start resting.
HP restored.
You see here a ball python corpse.
Found 7 stones.
Enter note:
Found a +6 ring of dexterity.
You see here a +6 ring of dexterity.
Ijyb the Twisted Goblin comes into view.
She is wielding a +0 club and carrying a wand of light (9).
Ijyb zaps a wand.
The bolt of light hits you!
You are confused.
Found a sling.
Ijyb zaps a wand.
The bolt of light hits you!
You see here a clear potion.
You feel less confused. You block Ijyb's attack.
You closely miss Ijyb. Ijyb barely misses you.
You closely miss Ijyb. Ijyb hits you but does no damage.
Ijyb hits you with a +0 club.
You hit Ijyb.
Ijyb is lightly wounded.
Ijyb hits you but does no damage.
You slash Ijyb!
Ijyb is heavily wounded.
Ijyb completely misses you.
You hit Ijyb.
Ijyb is severely wounded.
Ijyb hits you with a +0 club.
You die...

#######.######........
#.# #=#.##### #.#
#.#.# #.# #.#.# #.#
#.#.. #######.# #.#.#
........# #.#.#
.######## #!#.## .#
#..@.# .# #..g..# .#
##...#...# .#
##.###)## .####### #.#
.# ........ #.# #
.######. ... ....###.#
..# ........#


You could see Ijyb.

Vanquished Creatures
  A dart slug (D:2)
  2 ball pythons
  3 bats (D:2)
  3 endoplasms
  4 goblins
  2 hobgoblins (D:2)
  A quokka (D:1)
  2 frilled lizards (D:2)
  4 kobolds
  3 rats
25 creatures vanquished.

Notes
Turn   | Place    | Note
-------+----------+-------------------------------------------
     0 | D:1      | qw the Gargoyle Fighter began the quest for the Orb.
     0 | D:1      | Reached XP level 1. HP: 14/14 MP: 1/1
     0 | D:1      | 0 ||| qw: Version: 0.2-a-10-g399e6c4
     0 | D:1      | 0 ||| qw: Game counter: 469
     0 | D:1      | 0 ||| qw: Always use a shield: true
     0 | D:1      | 0 ||| qw: God list: Okawaru
     0 | D:1      | 0 ||| qw: Allow faded altars: false
     0 | D:1      | 0 ||| qw: Do Orc after D:15 true
     0 | D:1      | 0 ||| qw: Do second Lair branch before Depths: true
     0 | D:1      | 0 ||| qw: Lair rune preference: random
     0 | D:1      | 0 ||| qw: Plans: Normal, Zot:1-4, God:TSO, Crypt, Tomb,
                  | Pan, Slime:5, Hells, Abyss, Orb
     0 | D:1      | 0 ||| PLANNING D:1-11
   418 | D:1      | Reached XP level 2. HP: 19/19 MP: 2/2
   650 | D:1      | 650 ||| UPGRADING to +0 pair of gloves.
   655 | D:1      | 655 ||| UPGRADING to ring of resist corrosion.
   656 | D:1      | 656 ||| UPGRADING to +6 ring of dexterity.
   657 | D:1      | 657 ||| READING scroll labelled MENUOF UFECW.
   658 | D:1      | 658 ||| READING scroll labelled DOZU XOSEAGE.
   659 | D:1      | 659 ||| READING scroll labelled JIUTEOFURPH.
   660 | D:1      | 660 ||| READING scroll labelled YQEPIG XUUNI.
   674 | D:2      | 674 ||| STAIRDANCE
   877 | D:2      | 877 ||| Stepping ~*~*~tactically~*~*~ (stealth).
   918 | D:2      | 918 ||| Stepping ~*~*~tactically~*~*~ (stealth).
   943 | D:2      | 943 ||| DROPPING +0 club.
   960 | D:2      | Found a faded altar of an unknown god.
  1020 | D:2      | Reached skill level 3 in Axes
  1076 | D:2      | Reached XP level 3. HP: 23/23 MP: 3/3
  1226 | D:2      | You fall into a shaft and drop 1 floor!
  1293 | D:3      | Noticed Ijyb
  1295 | D:3      | HP: 4/23 [Ijyb/bolt of light (10)]
  1300 | D:3      | HP: 2/23 [Ijyb/+0 club (2)]
  1303 | D:3      | Slain by Ijyb

Levels and vault maps discovered:
D:1:      saegor_arrival_simple_d, layout_loops_cross
D:2:      layout_basic, basic_ecumenical_altar
D:3:      layout_loops_ring, jmf_multi_god_temple2, uniq_ijyb,
          uniq_crazy_yiuf_cottage

Skill      XL: |  1  2 |
---------------+-------+-----
Axes           | 2 3 |  3.0
Fighting       | |  3.2
Armour         | |  3.2
Dodging        | |  0.7
Shields        | |  3.2

Action                   || total
-------------------------++-------
Melee: War axe           ||    78
  Use: Scroll            ||     4
Armor: Scale mail        ||    48
Dodge: Dodged            ||    39
Block: Buckler           ||    14

Table legend:
 A = Non-vault XP
 B = Vault XP
 C = Vault XP percentage of total XP
 D = Non-vault monster count
 E = Vault monster count
 F = Vault count percentage of total count
                 A         B        C        D         E       F
            +---------+---------+-------+---------+---------+-------
      Total |      43 |       0 |   0.0 |      25 |       0 |   0.0
            +---------+---------+-------+---------+---------+-------
        D:1 |      13 |       0 |   0.0 |       8 |       0 |   0.0
        D:2 |      26 |       0 |   0.0 |      15 |       0 |   0.0
        D:3 |       4 |       0 |   0.0 |       2 |       0 |   0.0
            +---------+---------+-------+---------+---------+-------
